 Dungeon Crawl Stone Soup version 0.31-a0-1327-g8c40ea976f (webtiles) character file.

Game seed: 11983741816647062731

164281 James the Unseen (level 17, -1/85 HPs)
             Began as a Vine Stalker Enchanter on Dec 21, 2023.
             Was a Follower of Uskayaw.
             Slain by a ghost moth (7 damage)
             ... led by a torpor snail
             ... on level 4 of the Spider Nest.
             The game lasted 02:27:01 (34043 turns).

James the Unseen (Vine Stalker Enchanter)          Turns: 34043, Time: 02:27:02

Health: -1/85      AC: 20    Str: 17 (19) XL:     17   Next: 85%
Magic:  0/34       EV: 16    Int: 20 (21) God:    Uskayaw [*.....]
Gold:   2210       SH: 18    Dex: 22      Spells: 25/40 levels left

rFire   . . .        b - +2 rapier (speed)
rCold   . . .        J - +0 kite shield
rNeg    + + .        R - +4 steam dragon scales
rPois   +            Z - +1 helmet of Minor Irritation {Fly rCorr Int-3}
rElec   .            P - +1 cloak {Will+}
rCorr   +            o - +2 pair of gloves
SInv    .            f - +2 pair of boots
Will    +++..        e - amulet of reflection
Stlth   +++++++      V - ring of Ybriupt {^Drain Str+6 Int+7 Dex+3 Stlth+}
HPRegen 1.14/turn    G - ring "Momeipn" {rPois rN++ Slay+4}
MPRegen 0.24/turn

%: reflection, guardian spirit
@: flying
A: fangs 3, regeneration 1, magic shield, antimagic bite, no potion heal 2
a: Renounce Religion, Stomp


You were on level 4 of the Spider Nest.
You worshipped Uskayaw.
Uskayaw was aware of your devotion.
You visited 5 branches of the dungeon, and saw 27 of its levels.
You visited the Abyss 1 time.
You also visited: Ossuary and Bailey.

You collected 2634 gold pieces.
You spent 424 gold pieces at shops.

Inventory:

Hand Weapons
 b - a +2 rapier of speed (weapon)
   (You found it on level 7 of the Dungeon)
 i - a +1 rapier of venom
   (You found it on level 4 of the Dungeon)
 w - a +2 trident of draining
   (You took it off Jeremiah on level 6 of the Dungeon)
 H - the +4 sling "Nenewkuv" {drain, rC- Int+6 Dex+3}
   (You found it on level 6 of the Dungeon)

   Int+6:     It affects your intelligence (+6).
   Dex+3:     It affects your dexterity (+3).
   rC-:       It makes you vulnerable to cold.
Missiles
 k - 7 silver javelins
 m - 29 poisoned darts (quivered)
 q - 16 boomerangs
 y - 9 atropa-tipped darts
 A - 10 curare-tipped darts {!f}
 B - 10 javelins
 O - 3 throwing nets {!f}
Armour
 f - a +2 pair of boots (worn)
   (You found it on level 11 of the Dungeon)
 o - a +2 pair of gloves (worn)
   (You found it on level 5 of the Dungeon)
 J - a +0 kite shield (worn)
   (You took it off a tengu warrior on level 11 of the Dungeon)
 P - a +1 cloak of willpower (worn)
   (You found it on level 5 of the Lair of Beasts)
 R - +4 steam dragon scales (worn)
   (You found it on level 6 of the Dungeon)
 W - a scarf of repulsion
   (You found it on level 5 of the Dungeon)
 Z - the +1 helmet of Minor Irritation (worn) {Fly rCorr Int-3}
   (You found it on level 5 of the Lair of Beasts)

   Int-3:     It affects your intelligence (-3).
   Fly:       It grants you flight.
   rCorr:     It protects you from acid and corrosion.
Magical Staves
 D - a staff of fire
   (You found it on level 12 of the Dungeon)
 Q - a staff of air
   (You found it on level 11 of the Dungeon)
Jewellery
 e - an amulet of reflection (around neck)
   (You found it on level 5 of the Lair of Beasts)
 t - a ring of ice
   (You found it on level 3 of the Spider Nest)
 z - a ring of see invisible
   (You found it on level 2 of the Spider Nest)
 G - the ring "Momeipn" (right hand) {rPois rN++ Slay+4}
   (You acquired it on level 11 of the Dungeon)

   [ring of slaying]

   Slay+4:    It affects your accuracy & damage with ranged weapons and melee
   (+4).
   rPois:     It protects you from poison rN++: It greatly protects you from
   negative energy.
 L - a ring of fire
   (You found it on level 3 of the Spider Nest)
 V - the ring of Ybriupt (left hand) {^Drain Str+6 Int+7 Dex+3 Stlth+}
   (You found it on level 5 of the Lair of Beasts)

   [ring of strength]

   Str+6:     It affects your strength (+6).
   Int+7:     It affects your intelligence (+7).
   Dex+3:     It affects your dexterity (+3).
   ^Drain:    It drains your maximum health when unequipped.
   Stlth+:    It makes you more stealthy.
Wands
 u - a wand of paralysis (9)
   (You found it on level 13 of the Dungeon)
 x - a wand of acid (4)
   (You found it on level 2 of the Spider Nest)
 K - a wand of polymorph (18)
   (You took it off Crazy Yiuf on level 3 of the Dungeon)
 X - a wand of roots (14)
   (You found it on level 11 of the Dungeon)
Scrolls
 a - 2 scrolls of fear
 g - 11 scrolls of teleportation {@r4}
 l - 3 scrolls of revelation
 n - 11 scrolls of immolation {!r}
 s - a scroll of blinking
 v - 3 scrolls of brand weapon
 F - a scroll of enchant weapon
 I - 3 scrolls of vulnerability {!r}
 M - 2 scrolls of silence
 Y - 2 scrolls of butterflies
Potions
 c - 4 potions of invisibility
 d - 4 potions of cancellation
 h - 5 potions of resistance
 j - 3 potions of berserk rage
 p - 4 potions of ambrosia
 r - 3 potions of curing {@q1}
 C - 3 potions of brilliance
 E - 4 potions of haste {@q3}
 N - 6 potions of magic
 S - a potion of enlightenment
 T - 10 potions of might
 U - 7 potions of mutation {!q}


   Skills:
 + Level 8.2 Fighting
 - Level 14.0 Short Blades
 - Level 4.0 Armour
 + Level 7.2 Dodging
 + Level 15.2 Stealth
 + Level 11.1 Shields
 + Level 12.1 Spellcasting
 + Level 12.1 Hexes
 - Level 2.0 Ice Magic
 + Level 10.2 Invocations


You had 25 spell levels left.
You knew the following spells:

 Your Spells              Type           Power      Damage    Failure   Level
a - Confusing Touch       Hex            57%        N/A       1%          3
b - Dazzling Flash        Conj/Hex       72%        N/A       2%          3
c - Anguish               Hex/Necr       18%        N/A       9%          4
d - Tukima's Dance        Hex            57%        N/A       1%          3
x - Ensorcelled Hibernat  Hex/Ice        80%        N/A       1%          2

Your spell library contained the following spells:

 Spells                   Type           Power      Damage    Failure   Level
 Inner Flame              Hex/Fire       36%        N/A       2%          3
 Freeze                   Ice            80%        1d9       4%          1
 Apportation              Tloc           24%        N/A       11%         1
 Magic Dart               Conj           48%        1d5       11%         1
 Necrotise                Necr           48%        1d6       11%         1
 Sting                    Conj/Alch      48%        1d6       11%         1
 Summon Small Mammal      Summ           48%        N/A       11%         1
 Frozen Ramparts          Ice            40%        1d7       14%         3
 Mercury Vapours          Alch/Air       24%        N/A       17%         2
 Searing Ray              Conj           24%        2d5       17%         2
 Hailstorm                Conj/Ice       16%        3d6       22%         3
 Fugue of the Fallen      Necr           12%        N/A       32%         3
 Mephitic Cloud           Conj/Alch/Air  12%        N/A       32%         3
 Flame Wave               Conj/Fire      12%        2d6       73%         4
 Fulminant Prism          Conj/Alch      6%         3d7       73%         4
 Ignite Poison            Fire/Alch      12%        N/A       73%         4
 Iskenderun's Mystic Bla  Conj/Tloc      12%        2d5       73%         4
 Manifold Assault         Tloc           12%        N/A       73%         4
 Passage of Golubria      Tloc           12%        N/A       73%         4
 Sticky Flame             Fire/Alch      12%        2d5       73%         4
 Freezing Cloud           Conj/Ice/Air   7%         6-21      93%         5
 Lee's Rapid Deconstruct  Erth           6%         3d6*      97%         5
 Summon Forest            Summ/Tloc      6%         N/A       97%         5
 Eringya's Noxious Bog    Alch           6%         4d6       100%        6
 Summon Hydra             Summ           6%         N/A       100%        7
 Ignition                 Fire           6%         3d4       100%        8


Dungeon Overview and Level Annotations

Branches:
Dungeon (15/15)            Temple (1/1) D:6            Lair (5/5) D:8
 Shoals (0/4) Lair:3       Spider (4/4) Lair:2        Slime (0/5) Lair:5
    Orc (2/2) D:11            Elf (0/3) Orc:2        Vaults (0/5) D:14
 Depths (0/4) D:15        Ossuary (visited)          Bailey (visited)

Altars:
Ashenzari
Cheibriados
Dithmenos
Elyvilon
Fedhas
Gozag
Hepliaklqana
Kikubaaqudgha
Makhleb
Nemelex Xobeh
Okawaru
Qazlal
Ru
Sif Muna
Trog
Uskayaw
Vehumet
Wu Jian
Xom
Yredelemnul
Zin
The Shining One
Jiyva

Shops:
D:2 (:!*   D:5 *   D:6 !   D:14 =   Orc:2 *([([

Annotations:
Lair:5 Rupert


Innate Abilities, Weirdness & Mutations

You have razor-sharp teeth.
Your natural rate of healing is unusually fast.
When hurt, damage is shared between your health and your magic reserves.
Your bite disrupts and absorbs the magic of your enemies.
Potions cannot restore your health.


Message History

You feel your power leaking away.
The jumping spider leaps!
The jorogumo stares at you and mumbles some strange words.
The stream of webbing hits you but does no damage.
You are caught in a web!
There is a web here.
You struggle to detach yourself from the web.
The jumping spider leaps!
You feel you are being watched by something.
You feel your power leaking away. The jorogumo hits you!
You feel as though you will be slow longer.
You feel you are being watched by something.
The jorogumo hits you!
You are poisoned.
The jumping spider leaps!
The web tears apart.
You feel extremely sick. You block something's attack.
Deactivating autopickup; reactivate with Ctrl-A.
You block something's attack. Something stings you!
You feel dopey. You block the jorogumo's attack.
You feel you are being watched by something.
Something hits you but does no damage. Something hits you.
Something stings you but does no damage.
The jorogumo casts a spell at you. The stream of webbing misses you.
You feel very sick. Something completely misses you. Something hits you!
* * * LOW HITPOINT WARNING * * *
Something stings you.
* * * LOW HITPOINT WARNING * * *
You feel weakened. The jorogumo attacks as it pursues you!
You block the jorogumo's attack.
You feel very sick.
The jumping spider leaps!
Something hits you!
* * * LOW HITPOINT WARNING * * *
You feel weakened. Something hits you but does no damage. Something stings you.
* * * LOW HITPOINT WARNING * * *
Your system rejects the healing.
You feel better.
You feel yourself speed up. Something barely misses you.
You block something's attack. Something stings you!
You die...

.### ^..# #..## #########...##
#<....#^.....####
########....@#......#^.##
##..?..^............#.^..##
##.............H^..........#
##.^..#........s..##........#
##.....#.............^..#^..^.
#.....^....^^.........### ^..
####################### #


You could see a jorogumo and a jumping spider.

Vanquished Creatures
  Arachne (Spider:4)
  Frances (D:14)
  A tentacled starspawn (Abyss:1)
  Gastronok (D:8)
  Aizul (Spider:4)
  A ghost moth (Spider:3)
  3 emperor scorpions
  An orc warlord (Orc:1)
  A broodmother (Spider:3)
  A very ugly thing (Abyss:1)
  Nessos (D:15)
  3 spark wasps
  A minotaur (D:13)
  3 entropy weavers
  An ettin (D:15)
  2 vault guards (D:14)
  3 jorogumos
  An ogre mage (D:15)
  2 centaur warriors
  An ironbound frostheart (D:14)
  A radroach (Spider:4)
  7 hydras
  A death knight (D:12)
  8 two-headed ogres
  12 boulder beetles
  A tengu warrior (D:11)
  3 thrashing horrors (Abyss:1)
  12 death yaks
  A deep troll earth mage (D:15)
  4 orc high priests
  Sonja (Orc:1)
  4 demonic crawlers
  A wretched star (Abyss:1)
  4 pharaoh ants (Spider:1)
  3 skysharks (Lair:5)
  A goliath frog (Lair:5)
  The ghost of TheWayOfAllFlesh the Destroyer, a novice DgAE (D:7)
  9 orb spiders
  6 steelbarb worms
  An arcanist (D:15)
  18 ugly things
  15 wolf spiders
  2 deep elf pyromancers (D:13)
  4 orc sorcerers
  4 cyclopes
  An orc knight (Bailey)
  8 manticores
  A worldbinder (Abyss:1)
  15 elephants
  4 moths of wrath
  3 large abominations (Abyss:1)
  7 kobold blastminers
  Joseph (D:8)
  3 black mambas
  17 cane toads
  A cane toad (shapeshifter) (D:15)
  2 gargoyles (D:13)
  Jeremiah (D:6)
  4 torpor snails
  3 smoke demons (Abyss:1)
  2 freezing wraiths
  2 efreet
  An unseen horror (shapeshifter) (D:13)
  5 rime drakes
  7 komodo dragons
  3 minotaur zombies (D:10)
  An ancient zyme (Abyss:1)
  2 tengu conjurers (D:15)
  An unseen horror skeleton (D:7)
  7 trolls
  7 meliai
  3 polar bears
  2 tyrant leeches
  A troll (shapeshifter) (D:14)
  Prince Ribbit (D:6)
  14 tarantellas
  7 dream sheep (Lair:3)
  26 blink frogs
  A snapping turtle (Lair:3)
  8 slime creatures
  2 meliai zombies (D:10)
  15 jumping spiders
  A shadow (D:13)
  7 culicivoras
  2 wraiths (D:13)
  54 yaks
  A water elemental (Lair:3)
  8 basilisks
  7 wyverns
  2 humans (D:14)
  A warg (Orc:1)
  37 redbacks
  18 vampire mosquitoes
  3 steam dragons
  Menkaure (D:6)
  2 acid dragons
  14 water moccasins
  35 orc warriors
  2 sky beasts (D:7)
  An ice beast (D:8)
  6 small abominations
  2 black bears (D:8)
  A phantom (D:4)
  14 wolves (Lair:2)
  8 centaurs
  11 ogres
  A kobold brigand (D:10)
  A brain worm (Abyss:1)
  20 bullfrogs
  2 gnoll sergeants
  3 scorpions
  3 wights
  3 killer bees (D:9)
  2 spriggan zombies (D:10)
  7 electric eels
  A spectral centaur (D:7)
  2 howler monkeys (D:13)
  6 wolf zombies (D:10)
  A centaur zombie (D:7)
  A human zombie (Ossuary)
  6 jellies
  A gnoll bouda (D:9)
  26 orc priests
  Crazy Yiuf (D:3)
  2 hounds
  A sleepcap (D:7)
  2 iguanas
  An iron imp (Abyss:1)
  21 orc wizards
  A killer bee zombie (D:10)
  A hound zombie (Ossuary)
  4 mummies (Ossuary)
  26 gnolls
  7 adders
  2 shadow imps (D:6)
  3 white imps
  4 ufetubi
  2 adder zombies (Ossuary)
  4 worms (D:2)
  2 dart slugs
  114 orcs
  7 ball pythons
  5 bats
  8 endoplasms
  3 giant cockroaches
  3 gnoll zombies (Ossuary)
  11 goblins
  4 hobgoblins
  2 quokkas
  3 frilled lizards
  2 hobgoblin zombies (Ossuary)
  A jackal zombie (Ossuary)
  14 kobolds
  A kobold zombie (Ossuary)
  5 rats
  A rat zombie (Ossuary)
  A spectral orc (D:9)
936 creatures vanquished.

Vanquished Creatures (others)
  A deep elf pyromancer (D:14)
  A culicivora (Spider:1)
  A dancing weapon (Bailey)
  An orc wizard (Orc:1)
  An orc (Orc:2)
  4 starspawn tentacles (Abyss:1)
9 creatures vanquished.

Grand Total: 945 creatures vanquished

Notes
Turn   | Place    | Note
-------+----------+-------------------------------------------
     0 | D:1      | James the Vine Stalker Enchanter began the quest for the
                  | Orb.
     0 | D:1      | Reached XP level 1. HP: 9/9 MP: 4/4
    53 | D:1      | Reached skill level 1 in Short Blades
   118 | D:1      | Reached skill level 4 in Stealth
   118 | D:1      | Reached XP level 2. HP: 13/13 MP: 6/6
   446 | D:1      | Found a faded altar of an unknown god.
   631 | D:2      | Found Usarch's General Store.
   639 | D:2      | Bought a potion of curing for 42 gold pieces
   708 | D:2      | Found Moonyhy's Distillery.
   753 | D:2      | Reached XP level 3. HP: 15/16 MP: 4/7
   765 | D:2      | Learned a level 2 spell: Ensorcelled Hibernation
   769 | D:2      | Learned a level 3 spell: Confusing Touch
   795 | D:2      | Found Nucw's Book Emporium.
   893 | D:2      | Found a basalt altar of Yredelemnul.
   901 | D:2      | Found Peisuih's Antique Weapon Emporium.
  1523 | D:2      | Reached XP level 4. HP: 21/21 MP: 6/8
  1980 | D:3      | Found a white marble altar of Elyvilon.
  2128 | D:3      | Found a runed translucent door.
  2129 | D:3      | Noticed Crazy Yiuf
  2312 | D:3      | Reached skill level 5 in Stealth
  2908 | D:4      | Noticed a phantom
  2929 | D:4      | Killed a phantom
  2930 | D:4      | Reached skill level 1 in Fighting
  2930 | D:4      | Reached skill level 1 in Ice Magic
  2930 | D:4      | Reached XP level 5. HP: 21/25 MP: 4/10
  2998 | D:4      | Noticed an ogre
  3020 | D:4      | Killed an ogre
  3021 | D:4      | Reached XP level 6. HP: 30/30 MP: 8/12
  3328 | D:4      | Reached XP level 7. HP: 11/33 MP: 9/14
  3648 | D:5      | Entered Level 5 of the Dungeon
  3756 | D:5      | Found a sand-covered staircase.
  3771 | Ossuary  | Entered an ossuary
  3833 | Ossuary  | Reached skill level 6 in Stealth
  4026 | D:5      | Found an iron altar of Okawaru.
  4389 | D:5      | Learned a level 3 spell: Tukima's Dance
  4481 | D:5      | Found Sosk's General Store.
  4661 | D:5      | Found a burning altar of Makhleb.
  4783 | D:5      | Reached skill level 7 in Stealth
  4799 | D:5      | Gained mutation: You have razor-sharp teeth. [Vine Stalker
                  | growth]
  4799 | D:5      | Reached XP level 8. HP: 37/37 MP: 15/15
  5278 | D:6      | Reached skill level 5 in Short Blades
  5314 | D:6      | Found Rewuqyhi's Distillery.
  5318 | D:6      | Bought a potion of haste for 130 gold pieces
  5404 | D:6      | Found a staircase to the Ecumenical Temple.
  5427 | D:6      | Reached skill level 8 in Stealth
  5487 | Temple   | Entered the Ecumenical Temple
  5502 | Temple   | Became a worshipper of Uskayaw the Reveller
  5610 | D:6      | Reached * piety under Uskayaw
  5914 | D:6      | Reached skill level 9 in Stealth
  6065 | D:6      | Identified the +4 sling "Nenewkuv" {drain, rC- Int+6 Dex+3}
  6098 | D:6      | Reached ** piety under Uskayaw
  6116 | D:6      | Noticed Menkaure
  6118 | D:6      | Noticed Prince Ribbit
  6120 | D:6      | Killed Menkaure
  6121 | D:6      | Reached skill level 10 in Stealth
  6125 | D:6      | Noticed Jeremiah
  6138 | D:6      | Reached XP level 9. HP: 42/42 MP: 13/16
  6160 | D:6      | Killed Prince Ribbit
  6560 | D:6      | Found a staircase to the Ecumenical Temple.
  6849 | D:6      | Found Rewuqyhi's Distillery.
  7055 | D:6      | Killed Jeremiah
  7388 | D:7      | Reached skill level 1 in Shields
  7403 | D:7      | Reached *** piety under Uskayaw
  8013 | D:7      | Reached **** piety under Uskayaw
  8134 | D:7      | Found a runed translucent gate.
  8134 | D:7      | Found a runed translucent gate.
  8144 | D:7      | Reached skill level 5 in Shields
  8224 | D:7      | Found a runed translucent gate.
  8227 | D:7      | Noticed TheWayOfAllFlesh's ghost (novice DgAE)
  8561 | D:3      | Killed Crazy Yiuf
  8596 | D:3      | Identified the +1 hammer "Ocithrex" {spect, Int-3 Dex+5}
  8689 | D:8      | Noticed Gastronok
  8710 | D:8      | Killed Gastronok
  8711 | D:8      | Reached XP level 10. HP: 49/49 MP: 17/17
  8843 | D:8      | Noticed Joseph
  8866 | D:8      | Killed Joseph
  9175 | D:8      | Reached ***** piety under Uskayaw
  9299 | D:8      | Found a staircase to the Lair.
  9786 | D:9      | Found a flagged portal.
  9807 | Bailey   | Entered a bailey
 10183 | Bailey   | Noticed an orc knight
 10206 | Bailey   | Killed an orc knight
 10207 | Bailey   | Reached skill level 11 in Stealth
 10207 | Bailey   | Reached XP level 11. HP: 52/52 MP: 17/19
 10496 | D:9      | Noticed a boulder beetle
 10525 | D:9      | Killed a boulder beetle
 10526 | D:9      | Reached skill level 5 in Spellcasting
 10526 | D:9      | Reached skill level 5 in Hexes
 10655 | D:9      | Reached skill level 10 in Short Blades
 10680 | D:9      | Reached ****** piety under Uskayaw
 11006 | D:9      | Found a hazy altar of Hepliaklqana.
 11211 | D:10     | Entered Level 10 of the Dungeon
 11511 | D:10     | Reached skill level 12 in Stealth
 11815 | D:10     | Identified the +0 robe "Guirut" {Int+5}
 11974 | D:10     | Found an opulent altar of Gozag.
 12020 | D:10     | Noticed a two-headed ogre
 12025 | D:10     | Killed a two-headed ogre
 12079 | D:10     | Learned a level 3 spell: Dazzling Flash
 12245 | D:10     | Identified the +5 lajatang of Wuteit {drain, Str+3}
 12303 | D:10     | Noticed a two-headed ogre
 12308 | D:10     | Killed a two-headed ogre
 12674 | D:10     | Reached XP level 12. HP: 40/56 MP: 24/24
 12708 | D:10     | Found a basalt altar of Yredelemnul.
 12791 | D:11     | Noticed a tengu warrior
 12796 | D:11     | Killed a tengu warrior
 12861 | D:11     | Found a staircase to the Orcish Mines.
 12994 | D:11     | Identified the staff "Ehietext" {Str+4 Dex-3 Stlth+ Conj
                  | Necro}
 13619 | D:2      | Bought a potion of lignification for 42 gold pieces
 13733 | Lair:1   | Entered Level 1 of the Lair of Beasts
 13733 | Lair:1   | Noticed a death yak
 13852 | D:7      | Killed a death yak
 13975 | D:7      | Killed TheWayOfAllFlesh's ghost
 14964 | Lair:2   | Found a hole to the Spider Nest.
 15082 | Lair:2   | Noticed a boulder beetle
 15087 | Lair:2   | Killed a boulder beetle
 15236 | Lair:2   | Reached XP level 13. HP: 56/61 MP: 21/27
 15750 | Lair:2   | Identified the +4 mace of the Shore {speed, rN+ rCorr Str+2
                  | Dex+3}
 16268 | Lair:2   | Reached skill level 1 in Invocations
 16638 | Lair:2   | Reached skill level 5 in Invocations
 17026 | Lair:3   | Found a staircase to the Shoals.
 18066 | Lair:4   | Reached XP level 14. HP: 66/66 MP: 28/28
 18844 | Lair:5   | Entered Level 5 of the Lair of Beasts
 19231 | Lair:4   | HP: 2/67 [seven-headed hydra (7)]
 20223 | Lair:5   | Reached skill level 5 in Fighting
 20710 | Lair:5   | Reached skill level 13 in Stealth
 20717 | Lair:5   | Noticed Rupert
 21019 | D:11     | Identified a scroll of acquirement
 21219 | D:12     | Reached XP level 15. HP: 72/72 MP: 29/29
 21286 | D:11     | Acquired the ring "Momeipn" {rPois rN++ Slay+4}
 21436 | D:12     | Reached skill level 10 in Spellcasting
 21438 | D:12     | Reached skill level 10 in Hexes
 21908 | D:13     | Identified the +10 war axe "Xeluzuju" {heavy, MP+9 Stlth+}
 22402 | D:13     | Found a runed translucent door.
 22429 | D:13     | Reached skill level 14 in Stealth
 22580 | D:13     | Reached skill level 10 in Invocations
 22832 | Orc:1    | Entered Level 1 of the Orcish Mines
 23210 | Orc:1    | Noticed Sonja
 23237 | Abyss:1  | Cast into level 1 of the Abyss (Sonja)
 23238 | Abyss:1  | Found a corrupted altar of Lugonu.
 23312 | Abyss:1  | Found a sparkling altar of Nemelex Xobeh.
 23364 | Abyss:1  | Noticed a tentacled starspawn
 23461 | Abyss:1  | Found a sparkling altar of Nemelex Xobeh.
 23574 | Abyss:1  | Reached skill level 5 in Dodging
 23595 | Abyss:1  | Found a viscous altar of Jiyva.
 23610 | Abyss:1  | Reached skill level 1 in Armour
 23625 | Abyss:1  | Noticed a tentacled starspawn
 23647 | Abyss:1  | Killed a tentacled starspawn
 23805 | Orc:1    | Escaped the Abyss
 23814 | Orc:1    | Killed Sonja
 24174 | Orc:1    | Learned a level 4 spell: Anguish
 24175 | Orc:2    | Entered Level 2 of the Orcish Mines
 24518 | Orc:2    | Found a staircase to the Elven Halls.
 24560 | Orc:2    | Found Foibawk's Antique Armour Boutique.
 24712 | Orc:2    | Found Zeizimet's Assorted Antiques.
 25080 | Orc:2    | Found Ruenkouh's Weapon Boutique.
 25205 | Orc:2    | Noticed an orc warlord
 25237 | Orc:1    | Killed an orc warlord
 25372 | Orc:1    | Reached skill level 15 in Stealth
 25456 | Orc:2    | Found Barycaivve's Antique Armour Shoppe.
 25460 | Orc:2    | Found Gighef's Antique Weapon Emporium.
 25562 | Orc:2    | Found Zeizimet's Assorted Antiques.
 25820 | Orc:2    | Found a staircase to the Elven Halls.
 25848 | Orc:2    | Found Foibawk's Antique Armour Boutique.
 25911 | Orc:2    | Found Gighef's Antique Weapon Emporium.
 25915 | Orc:2    | Found Barycaivve's Antique Armour Shoppe.
 25958 | Orc:2    | Found Ruenkouh's Weapon Boutique.
 26108 | Orc:2    | Bought a scroll of enchant armour for 210 gold pieces
 26241 | D:14     | Reached XP level 16. HP: 78/80 MP: 31/31
 26259 | D:14     | Noticed Frances
 26454 | D:14     | Found a gate to the Vaults.
 26522 | D:14     | Found a faded altar of an unknown god.
 26848 | D:14     | Got the Vellum of Planar Excavation
 26920 | D:14     | Identified the +0 ring mail of Joastrith {Dex+6}
 26971 | D:14     | Found Ynipixy's Jewellery Boutique.
 27551 | D:14     | Killed Frances
 27772 | D:14     | Found Ynipixy's Jewellery Boutique.
 27941 | D:14     | Found a faded altar of an unknown god.
 28034 | D:14     | Found a gate to the Vaults.
 28162 | D:15     | Entered Level 15 of the Dungeon
 28529 | D:15     | Noticed Nessos
 28535 | D:15     | Killed Nessos
 28774 | D:15     | Found a staircase to the Depths.
 29541 | Lair:5   | Identified the +1 helmet of Minor Irritation {Fly rCorr
                  | Int-3}
 29547 | Lair:5   | Identified the ring of Ybriupt {^Drain Str+6 Int+7 Dex+3
                  | Stlth+}
 29716 | Lair:5   | Found a viscous altar of Jiyva.
 29717 | Lair:5   | Found a staircase to the Slime Pits.
 29859 | Lair:5   | Paralysed by Rupert for 4 turns
 29978 | Spider:1 | Entered Level 1 of the Spider Nest
 30934 | Spider:2 | Reached XP level 17. HP: 85/85 MP: 33/33
 32313 | Spider:3 | Reached skill level 10 in Shields
 33031 | Spider:4 | Entered Level 4 of the Spider Nest
 33149 | Spider:4 | Noticed Arachne
 33219 | Spider:4 | Killed Arachne
 33252 | Spider:4 | Identified the serpent talisman of Proximity {rElec rC++
                  | Stlth-}
 33252 | Spider:4 | Noticed Aizul
 33260 | Spider:4 | Killed Aizul
 34042 | Spider:4 | HP: 4/85 [something (6)]
 34043 | Spider:4 | Slain by a ghost moth

Illustrated notes

Levels and vault maps discovered:
D:1:      dpeg_arrival_more_subterranean_lakeside_camping, layout_basic,
          ebering_ecumenical_altar_petrified
D:2:      layout_basic, basic_altar, serial_shops, shop, shop,
          nicolae_shop_peninsula, shop, dreamdust_mushroom_princess
D:3:      layout_loops_corners, nicolae_elyvilon_peaceful_grove,
          minmay_stone_trees_small, uniq_crazy_yiuf_cottage
D:4:      layout_loops_ring, minmay_misc_feat_room, minmay_bisected
D:5:      layout_basic, chequers_temple_overflow_statue_of_worship,
          enter_ossuary_5, serial_shops, kennysheep_little_box
D:6:      layout_loops_ring, minmay_temple_entry_glass, serial_shops, shop,
          corexii_checkpoint, minmay_diced_spiral, uniq_jeremiah,
          uniq_prince_ribbit1, uniq_menkaure
D:7:      layout_loops_ring, gammafunk_ghost_necromancy
D:8:      layout_cave_pools, due_lair_maze_entry_diamond, minivault_25,
          uniq_gastronok, uniq_joseph
D:9:      layout_loops_ring, nicolae_hepliaklqana_monster_ancestors,
          enter_bailey_3
D:10:     layout_stronghold, nicolae_gozag_seed_capital, serial_column_ruins,
          column_ruins_square_medium, column_ruins_corridor_straight,
          column_ruins_columns_corner, column_ruins_open_medium,
          column_ruins_grid_1, column_ruins_grid_1, st_stairs_11,
          roadster_capsule_ark_zombie
D:11:     layout_gridville, orc_0_dummy
D:12:     layout_basic
D:13:     layout_cross, mainiacjoe_labyrinth_nostalgia
D:14:     layout_cave_pools, hellmonk_vaults_keyhole, serial_column_ruins,
          column_ruins_temple_hut, column_ruins_square_large,
          column_ruins_open_tiny, column_ruins_columns_straight,
          column_ruins_grid_1, column_ruins_columns_straight,
          column_ruins_corridor_straight, serial_shops,
          nicolae_shop_gaudy_bauble, uniq_frances
D:15:     hellmonk_depths_entry_around_the_bend, layout_irregular_city,
          uniq_nessos
Temple:   bh_familiar_temple
Lair:1:   layout_concentric_octagons, grunt_forest_small_clearings,
          evilmike_ambush [evilmike_ambush_outer_basic,
          evilmike_ambush_inner_basic]
Lair:2:   layout_roguey, spider_nest_entry_rubble, pdpol_lair_cavern_descent,
          grunt_megastairs_3, lemuel_fruit_fields, lemuel_fruit_tree
Lair:3:   layout_chaotic_city, minmay_shoals_entry_hut,
          chequers_serial_rivers_micro_c, minivault_11, minivault_26,
          lemuel_fruit_fields
Lair:4:   layout_long_grid, minivault_25, guppyfry_lair_drakes,
          infiniplex_staircase_pool_2
Lair:5:   minmay_lair_end_frog_pond, layout_long_grid, slime_entry_2,
          uniq_rupert
Spider:1: layout_spider_delve
Spider:2: layout_spider_delve
Spider:3: layout_spider_delve, hangedman_stitches_earthworm
Spider:4: grunt_spider_rune_island, gammafunk_ghost_arena, uniq_aizul,
          uniq_arachne
Orc:1:    layout_caves, uniq_sonja
Orc:2:    grunt_orc_community_town_hall, layout_caves,
          grunt_orc_community_big_house_2, grunt_orc_community_big_house_1,
          grunt_orc_community_house_3, grunt_orc_community_house_3,
          grunt_orc_community_house_2, grunt_orc_community_house_3,
          grunt_orc_community_house_1, grunt_orc_community_house_2,
          serial_shops, shop_statue

Skill      XL: |  1  2  3  4  5  6  7  8  9 10 11 12 13 14 15 16 17 |
---------------+----------------------------------------------------+-----
Short Blades   | 1 2 3 4 6 9 10 12 13 14 | 14.0
Stealth        | 4 5 7 10 11 12 13 15 | 15.2
Fighting       | 1 2 3 4 5 7 8 |  8.2
Spellcasting   | 3 4 7 9 10 11 12 | 12.1
Ice Magic      | 1 2 |  2.0
Dodging        | 2 4 6 7 |  7.2
Hexes          | 4 7 9 10 11 12 | 12.1
Shields        | 5 6 7 11 | 11.1
Invocations    | 8 9 10 | 10.2
Armour         | 2 4 |  4.0

Action                     |  1- 3 |  4- 6 |  7- 9 | 10-12 | 13-15 | 16-18 || total
---------------------------+-------+-------+-------+-------+-------+-------++-------
  Melee: Dagger            |   112 |    72 |   259 |   241 |       |       ||   684
         Bite              |    22 |    25 |   126 |   254 |   702 |   328 ||  1457
         Punch             |     1 |     1 |     9 |       |       |       ||    11
         Rapier            |       |    16 |   146 |   419 |  1641 |   759 ||  2981
   Fire: Sling             |       |       |     2 |       |       |       ||     2
   Cast: Ensorcelled Hiber |     6 |     4 |    40 |    69 |   101 |   120 ||   340
         Confusing Touch   |       |     1 |       |     7 |    21 |     4 ||    33
         Tukima's Dance    |       |       |       |     2 |     2 |       ||     4
         Dazzling Flash    |       |       |       |       |    13 |     2 ||    15
         Anguish           |       |       |       |       |       |     1 ||     1
 Invoke: Stomp             |       |       |       |     1 |     2 |       ||     3
         Line Pass         |       |       |       |       |     3 |       ||     3
  Evoke: Wand              |       |       |       |       |     7 |     1 ||     8
    Use: Scroll            |       |       |    22 |     4 |    12 |     2 ||    40
         Potion            |       |       |       |       |     3 |     4 ||     7
   Stab: Sleeping          |     9 |    14 |    28 |    49 |    73 |    83 ||   256
         Confused          |       |     2 |       |     5 |    27 |     5 ||    39
         Distracted        |       |       |     1 |       |     4 |     2 ||     7
         Paralysed         |       |       |     3 |    24 |    66 |    37 ||   130
         Held in net/web   |       |       |       |       |     1 |       ||     1
         Invisible         |       |       |       |       |     8 |       ||     8
 Armour: Robe              |    41 |    26 |   122 |       |       |       ||   189
         Ring mail         |       |    10 |       |       |       |       ||    10
         Steam dragon scal |       |       |    87 |   312 |   760 |   398 ||  1557
  Dodge: Dodged            |    47 |    32 |   187 |   264 |   701 |   374 ||  1605
  Block: Buckler           |       |       |    21 |   127 |   301 |    67 ||   516
         Kite shield       |       |       |       |       |       |   350 ||   350
         Reflection        |       |       |       |       |       |     1 ||     1

Table legend: (Time is in decaauts)
 A = Elapsed time spent in this place.
 B = Non-inter-level travel time spent in this place.
 C = Inter-level travel time spent in this place.
 D = Time resting spent in this place.
 E = Time spent auto-exploring this place.
 F = Levels seen in this place.
 G = Mean time per level.
                   A        B        C        D        E       F      G
               +--------+--------+--------+--------+--------+-----+--------+
         Total |  32373 |  29150 |   3223 |   3993 |  14474 |  30 | 1079.1 |
       Dungeon |  17935 |  16097 |   1838 |   1721 |   9321 |  15 | 1195.7 |
        Temple |     29 |      2 |     27 |      0 |      0 |   1 |   29.0 |
          Lair |   6975 |   6137 |    838 |    998 |   2570 |   5 | 1395.0 |
   Spider Nest |   3789 |   3439 |    350 |    914 |   1169 |   4 |  947.2 |
  Orcish Mines |   2375 |   2207 |    168 |     25 |   1358 |   2 | 1187.5 |
         Abyss |    479 |    479 |      0 |    150 |      0 |   1 |  479.0 |
       Ossuary |    240 |    240 |      0 |      0 |     17 |   1 |  240.0 |
        Bailey |    546 |    546 |      0 |    185 |     38 |   1 |  546.0 |
               +--------+--------+--------+--------+--------+-----+--------+

Top non-repeatable levels by time:
     D:6: 2037 daAuts
  Lair:2: 1685 daAuts
    D:10: 1666 daAuts
     D:7: 1664 daAuts
  Lair:4: 1613 daAuts
   Orc:2: 1590 daAuts
  Lair:3: 1576 daAuts
    D:13: 1531 daAuts
    D:14: 1390 daAuts
     D:5: 1325 daAuts
     D:4: 1204 daAuts
Spider:1: 1185 daAuts
  Lair:5: 1176 daAuts
Spider:3: 1146 daAuts
     D:2: 1116 daAuts
